[Event "CCT Julius Baer-D2 2024"]
[Site "Online"]
[Date "2024.09.28"]
[Round "2"]
[White "Vidit, Santosh Gujrathi"]
[Black "Durarbayli, Vasif"]
[Result "1-0"]
[ECO "C11"]
[WhiteElo "2720"]
[BlackElo "2626"]
[Annotator "TA"]
[PlyCount "113"]
[EventDate "2024.09.25"]
[EventType "swiss"]
[EventCountry "NET"]
[SourceTitle "playchess.com"]
[Source "ChessBase"]
[SourceQuality "1"]
[TimeControl "600+2"]

1. e4 e6 2. d4 d5 3. Nc3 Nf6 4. e5 Nfd7 5. f4 c5 6. Nf3 Nc6 7. Be3 cxd4 8. Nxd4 Qb6 9. a3 Bc5 10. Ncb5 Nxd4 (10... a6 $5 11. b4 axb5 12. bxc5 Qxc5 $11) 11. Bxd4 Bxd4 12. Qxd4 {[%emt 0:00:02] White is slightly better.} O-O 13. Qxb6 Nxb6 14. Bd3 f6 15. exf6 Rxf6 16. g3 Bd7 17. Nd4 e5 18. fxe5 Re8 19. O-O-O Rxe5 20. b3 g6 21. Rhf1 Kg7 22. Kd2 Nc8 23. Rxf6 Kxf6 24. Rf1+ Kg7 $1 25. a4 Nd6 26. a5 Ne4+ 27. Kc1 Rh5 28. Nf3 Bg4 29. Nh4 Nc5 30. Rf4 Bd7 31. Nf3 Nxd3+ 32. cxd3 $11 {[%emt 0:00:00][%mdl 4096] Endgame. KRB-KRN} d4 33. b4 $1 $16 (33. Rxd4 $6 Bc6 34. Rf4 Rxa5 $11) 33... Bc6 34. Nxd4 Rxh2 $2 (34... Bd7 $16) 35. Nxc6 $1 $18 bxc6 $16 {[%emt 0:00:02] KR-KR} 36. Rc4 $1 h5 37. Rxc6 h4 $2 (37... g5 38. b5 (38. Rc7+ Kf6 $14) 38... h4 39. gxh4 gxh4) 38. gxh4 $18 Rxh4 39. Rc4 $2 (39. Ra6) 39... g5 40. Kd2 {[%emt 0:00:04] Black must now prevent Rxh4.} Rh2+ 41. Ke3 Kf6 42. a6 $2 (42. Rc7 $18) 42... Rb2 $1 $14 43. Ke4 (43. Rc6+ $14 Ke5 44. d4+ Kf5 45. Rc5+ Kf6 46. b5) 43... Rb3 $2 (43... Ke6 $11) 44. Rc6+ $18 Ke7 45. Rc7+ Kd6 $2 (45... Ke6 46. Rb7 (46. Rxa7 Rxb4+ 47. d4 Ra4 $16) 46... g4) 46. Rxa7 Rxb4+ {[%emt 0:00:01] [#]} 47. d4 $1 {[%emt 0:00:01][%cal Bd3d4,Bd4d5,Bd5d6,Bd6d7][%mdl 32] Hoping for Rg7.} Kc6 48. Rg7 {[%emt 0:00:06][%cal Oa6a7] White threatens a7! and mate.} Rb5 49. Rg6+ Kc7 50. d5 Ra5 51. Ke5 (51. Rxg5 Ra4+ 52. Ke5 Rxa6 $11) 51... g4 52. Rg7+ (52. Rxg4 Rxa6 53. Rg7+ Kd8 $11) 52... Kc8 53. Ke6 (53. Rxg4 Rxa6 54. Rg8+ Kd7 $11) 53... Rxa6+ 54. d6 Ra3 55. Rg8+ ({Weaker is} 55. Rxg4 Re3+ 56. Kd5 Rd3+ 57. Kc5 Rc3+ 58. Kd5 Rd3+ 59. Kc5 Rd2 $11) 55... Kb7 {[%emt 0:00:01] [#]} 56. d7 $1 ({And not} 56. Rxg4 Rh3 $11) 56... Re3+ 57. Kf5 {[%emt 0:00:01] Weighted Error Value: White=0.26 (precise) /Black=0.35.  Loses game:     	---       	Black=2      Missed win:     	White=1     	---        Mistake:       	White=1     	Black=3      Inaccurate:     	White=1     	Black=1      OK:         	White=12    	Black=9      Best:        	White=5     	Black=4      Strong:       	White=3     	Black=2} 1-0

[Event "CCT Julius Baer-D2 2024"]
[Site "Online"]
[Date "2024.09.28"]
[Round "2"]
[White "Sargsyan, Shant"]
[Black "Daneshvar, Bardiya"]
[Result "1-0"]
[ECO "A43"]
[WhiteElo "2649"]
[BlackElo "2598"]
[Annotator "TA"]
[PlyCount "67"]
[EventDate "2024.09.25"]
[EventType "swiss"]
[EventCountry "NET"]
[SourceTitle "playchess.com"]
[Source "ChessBase"]
[SourceQuality "1"]
[TimeControl "600+2"]

1. d4 Nf6 2. Nf3 c5 3. d5 b5 4. Bg5 g6 5. a4 b4 {[%emt 0:00:03] [#]} 6. d6 Bg7 (6... exd6 $5 7. Qd3 Bg7 8. Qxd6 (8. Bxf6 $2 Qxf6 9. Qe4+ Kd8 $19) 8... Ne4 9. Bxd8 Nxd6 $17) 7. e4 Nc6 (7... exd6 $15 8. Nbd2 Qc7 9. Bxf6 Bxf6) 8. e5 $14 {[%emt 0:01:13] White is slightly better.} Ng4 9. Bb5 $1 {[%emt 0:00:04] aiming for Bxc6.} f6 (9... Ncxe5 10. Bxe7 (10. dxe7 Qc7 $15) 10... Qa5 11. Nbd2 $18 (11. Nxe5 Nxe5 12. Nd2 Rb8 $18)) (9... Ngxe5 10. Nxe5 Nxe5 (10... Bxe5 $2 11. Bxc6 dxc6 12. Bxe7 $18) 11. Bxe7 $18 (11. dxe7 Qc7 $15)) 10. exf6 exf6 11. Qe2+ Nce5 12. h3 $1 $36 {[%emt 0:03:34][%mdl 2048] White has the initiative. White is more active.} O-O (12... fxg5 $14 13. hxg4 Qf6) 13. hxg4 $18 {[%emt 0:00:12] [#] And now Nxe5 would win.} Nxf3+ (13... fxg5 14. Nxe5 Qf6) 14. Qxf3 fxg5 {[%emt 0:00:16] Black is weak on the light squares} 15. Qxa8 Bxb2 16. Ra2 Re8+ 17. Kf1 Bd4 $2 (17... Qf6 18. Qf3 (18. Qxa7 $2 Qe6 $19) 18... Qe5 19. Bc4+ (19. Qb3+ Re6 $18) 19... Kh8) 18. c3 {[%emt 0:00:08] White is clearly winning.} (18. Qxa7 $2 Bxf2 19. Qa8 (19. Kxf2 {leads to mate.} Qf6+ 20. Kg1 Re1+) (19. Bc4+ $2 Kg7 $19) 19... Bg3 20. Bc4+ Kg7 $19) 18... bxc3 19. Rh3 ({Inferior is} 19. Qxa7 Qf6 20. Nxc3 (20. Bxd7 $2 Qf7 $19) 20... Bxc3 $11) 19... Qf6 20. Qd5+ (20. Qxa7 $2 {loses.} Qe6 21. Re2 c2 $19) 20... Re6 21. Rf3 {[%emt 0:00:07] Dodges Qf4} Qg7 22. Re2 {[%emt 0:00:04][%cal Oe2e6] Black must now prevent Rxe6!} c2 23. Rxc2 Qh6 24. Rh3 Qf8 25. Bc4 Kh8 26. Qxg5 Rf6 27. Qh4 h5 28. f3 Bb7 29. Be2 Rf4 30. Qg5 Rxg4 31. Qxg4 Qh6 32. f4 Be4 33. Rc1 Kg8 34. Rxh5 {[%emt 0:00:02] Black got outplayed after the opening.   Weighted Error Value: White=0.27 (precise) /Black=0.58.  Mistake:       	White=1     	Black=4      OK:         	White=4     	Black=3      Best:        	White=2     	Black=2      Strong:       	White=2     	---} 1-0

[Event "CCT Julius Baer-D2 2024"]
[Site "Online"]
[Date "2024.09.28"]
[Round "2"]
[White "Durarbayli, Vasif"]
[Black "Vidit, Santosh Gujrathi"]
[Result "1/2-1/2"]
[ECO "C45"]
[WhiteElo "2626"]
[BlackElo "2720"]
[Annotator "RC"]
[PlyCount "76"]
[EventDate "2024.09.25"]
[EventType "swiss"]
[EventCountry "NET"]
[SourceTitle "playchess.com"]
[Source "ChessBase"]
[SourceQuality "1"]
[TimeControl "600+2"]

1. e4 e5 2. Nf3 Nc6 3. d4 exd4 4. Nxd4 Nf6 5. Nxc6 bxc6 6. e5 Qe7 7. Qe2 Nd5 8. h4 a5 9. c4 Ba6 10. Rh3 Qb4+ 11. Kd1 Nb6 12. b3 a4 13. Nd2 Qa5 14. Bb2 Bb4 15. Ne4 a3 16. Bd4 O-O-O 17. Kc2 Rhe8 18. Rd1 d5 19. exd6 cxd6 20. Re3 Re6 21. Ng5 Rxe3 22. Qxe3 Nd7 23. Bd3 f6 24. Nf7 Rf8 25. Qe6 Kc7 26. Be3 Rxf7 27. Qxf7 Qe5 28. Bd4 Qxd4 29. Qxd7+ Kb6 30. c5+ Qxc5+ 31. Kb1 Bxd3+ 32. Rxd3 Qxf2 33. Qd8+ Kb5 34. Qb8+ Ka6 35. Qa8+ Kb6 36. Qb8+ Ka6 37. Qa8+ Kb6 38. Qb8+ Ka6 1/2-1/2

[Event "CCT Julius Baer-D2 2024"]
[Site "Online"]
[Date "2024.09.28"]
[Round "2"]
[White "Martinez Alcantara, Jose Eduardo"]
[Black "Lazavik, Denis"]
[Result "1/2-1/2"]
[ECO "C55"]
[WhiteElo "2607"]
[BlackElo "2578"]
[Annotator "ChessBase"]
[PlyCount "151"]
[EventDate "2024.09.25"]
[EventType "swiss"]
[EventCountry "NET"]
[SourceTitle "playchess.com"]
[Source "ChessBase"]
[SourceQuality "1"]
[TimeControl "600+2"]

1. e4 e5 2. Nf3 Nc6 3. Bc4 Nf6 4. d3 Be7 5. Nc3 O-O 6. O-O d6 7. h3 Na5 8. a4 Nxc4 9. dxc4 a5 10. c5 h6 11. cxd6 Bxd6 12. Qe2 c6 13. Nd2 Qc7 14. Rd1 Be6 15. Nf1 Rfd8 16. Be3 Bb4 17. Qf3 Rxd1 18. Nxd1 Nh7 19. Ng3 Rd8 20. Qe2 Qe7 21. b3 Qh4 22. c3 Bf8 23. Bb6 Rd7 24. Ne3 Bxb3 25. Bxa5 Be6 26. Bb4 Bxb4 27. cxb4 Ng5 28. Rd1 Rxd1+ 29. Nxd1 Nh7 30. Qe3 Qd8 31. Nb2 Nf6 32. Ne2 Nd7 33. Nc3 c5 34. b5 Qa5 35. Nd5 Bxd5 36. exd5 Qb4 37. Qe2 b6 38. d6 Qd4 39. Nc4 e4 40. Kh2 g6 41. g3 Kg7 42. Kg2 f5 43. a5 bxa5 44. b6 a4 45. b7 a3 46. Nxa3 Qxd6 47. Qb2+ Kf7 48. Nc4 Qd5 49. Ne3 Qd6 50. Qh8 h5 51. Qh7+ Ke8 52. Nc4 Qd5 53. Qxd7+ Qxd7 54. b8=Q+ Ke7 55. Qe5+ Qe6 56. Qxc5+ Kf6 57. Qf8+ Qf7 58. Qd6+ Qe6 59. Qd4+ Ke7 60. h4 Qf6 61. Qc5+ Kf7 62. Ne5+ Ke6 63. Nc6 Kd7 64. Nd4 Qd6 65. Qc4 Ke7 66. Ne2 Qd3 67. Qxd3 exd3 68. Nc3 Kf6 69. Kf3 g5 70. Ke3 f4+ 71. Kxd3 fxg3 72. fxg3 gxh4 73. gxh4 Kf5 74. Ne4 Kg4 75. Nf6+ Kxh4 76. Nxh5 1/2-1/2

[Event "CCT Julius Baer-D2 2024"]
[Site "Online"]
[Date "2024.09.28"]
[Round "2"]
[White "Martinez Alcantara, Jose Eduardo"]
[Black "Lazavik, Denis"]
[Result "0-1"]
[ECO "C47"]
[WhiteElo "2607"]
[BlackElo "2578"]
[Annotator "TA"]
[PlyCount "98"]
[EventDate "2024.09.25"]
[EventType "swiss"]
[EventCountry "NET"]
[SourceTitle "playchess.com"]
[Source "ChessBase"]
[SourceQuality "1"]
[TimeControl "600+2"]

1. e4 e5 2. Nf3 Nc6 3. Nc3 Nf6 4. d4 exd4 5. Nxd4 Bb4 6. Nxc6 bxc6 7. Bd3 O-O 8. O-O d5 9. exd5 cxd5 10. h3 {[%emt 0:00:01] Prevents Bg4.} c6 11. Qf3 Bd6 12. Bf4 {[%emt 0:00:01] The position is equal.} Rb8 13. b3 Qc7 14. Ne2 Re8 15. Rad1 Bd7 16. c4 Bxf4 17. Nxf4 d4 18. Nh5 Nxh5 19. Qxh5 g6 20. Qc5 Qb6 21. Qg5 c5 22. Rfe1 Qd6 23. Qd5 Qc7 24. Qg5 Kg7 25. Qd2 a5 26. Rxe8 Rxe8 27. Re1 Re6 (27... Rb8 {feels hotter.} 28. Qg5 Be6 29. h4 f6) 28. Rxe6 Bxe6 $11 {[%emt 0:00:00][%mdl 4096] Endgame. KQB-KQB} 29. Qe1 Kf6 30. h4 h5 31. Qd2 Ke7 32. Qg5+ Kd7 33. f4 Qd6 34. g3 $2 {[%emt 0:01:51][%mdl 8192] Loses the game.} (34. Qf6 $11 {and White stays safe.}) 34... Bg4 $19 35. Kh2 Ke8 (35... Qc6 $142 36. Qe5 Qf3) 36. Qh6 (36. a3 $142) 36... Qf6 37. Qh7 Kf8 {[%emt 0:00:32] Prevents Qg8+.} 38. Kg2 (38. a3 $142) 38... Qg7 $2 (38... Qc6+ 39. Kh2 Qf3 40. Qh8+ Ke7 41. Qe5+ Kd7) 39. Qxg7+ Kxg7 {[%emt 0:00:00] KB-KB} 40. Kf2 Kf6 {[%emt 0:00:01] Threatens to win with ...Bf5.} 41. Ke1 {[%emt 0:00:14] [#]} Bf5 $1 42. Kd2 (42. Be2 Bb1 43. Kd2) 42... Bxd3 43. Kxd3 {[%emt 0:00:00] KP-KP} Ke6 44. Ke4 Kd6 45. Kd3 Kc6 (45... Kc7 $142 {[%cal Oa5a4] Hoping for ...a4!} 46. a4 Kd6) 46. Ke4 {[%emt 0:00:03] [#]} (46. Kc2 $142) 46... a4 $1 47. b4 (47. f5 gxf5+) 47... cxb4 {[%emt 0:00:01] Black mates.} 48. Kxd4 a3 49. Kd3 {[%emt 0:00:27] [#]} b3 $1 {[%emt 0:00:01][%mdl 512] Weighted Error Value: White=0.66/Black=0.37.  Loses game:     	White=1     	---        Mistake:       	White=3     	Black=2      Inaccurate:     	White=2     	Black=1      OK:         	White=12    	Black=10     Best:        	White=1     	Black=2      Strong:       	---       	Black=1} 0-1

[Event "CCT Julius Baer-D2 2024"]
[Site "Online"]
[Date "2024.09.28"]
[Round "2"]
[White "Daneshvar, Bardiya"]
[Black "Sargsyan, Shant"]
[Result "1/2-1/2"]
[ECO "C54"]
[WhiteElo "2598"]
[BlackElo "2649"]
[Annotator "TA"]
[PlyCount "89"]
[EventDate "2024.09.25"]
[EventType "swiss"]
[EventCountry "NET"]
[SourceTitle "playchess.com"]
[Source "ChessBase"]
[SourceQuality "1"]
[TimeControl "600+2"]

1. e4 e5 2. Nf3 Nc6 3. Bc4 Bc5 4. c3 Nf6 5. d4 exd4 6. e5 d5 7. Bb5 Ne4 8. cxd4 Bb6 9. Nc3 O-O 10. Be3 Bg4 11. h3 Bh5 12. Qc2 Bg6 {[%emt 0:00:38] Und ...Nxc3 würde nun gewinnen.} 13. Qb3 Ne7 14. O-O c6 15. Bd3 Nd2 16. Nxd2 Bxd3 17. Rfe1 Bg6 18. Na4 Nf5 19. Nxb6 Qxb6 20. Qc3 f6 21. f4 fxe5 22. fxe5 Nxe3 23. Rxe3 Rf4 24. Nf3 Raf8 25. Rae1 Bh5 26. g4 (26. Rf1 $11) 26... Bg6 (26... Bf7 {vereinfacht} 27. Qb3 Bg6 28. Qxb6 axb6 29. e6 Re8) 27. e6 Be4 (27... Re8 {vereinfacht} 28. Re5 Re7 29. R1e2 h6) 28. Nd2 {[%emt 0:00:34] Aktives Gegenspiel!} Qc7 29. Nxe4 dxe4 30. Qc4 (30. Rxe4 $2 Rf3 31. Qd2 Rg3+ (31... Rxh3 32. R1e3 $11) 32. Kh1 Rxh3+ 33. Kg1 Qg3+ 34. Qg2 Qh4 $19) 30... b5 31. Qc5 (31. Qb3 $11 Kh8 32. Qc2 (32. Rxe4 $2 Rf3 $19)) 31... Rf3 $1 $17 (31... Rf2 $6 32. Qe5 Qxe5 33. dxe5 Rxb2 34. Ra3 $11 (34. Rxe4 Re8 $17)) 32. Qe5 (32. Rxe4 $2 {wird mattgesetzt.} Qg3+ (32... Rxh3 33. Re5 $11) 33. Kh1 Qxh3+ 34. Kg1 Rg3#) 32... Qxe5 33. dxe5 Rxe3 34. Rxe3 {[%emt 0:00:03][%mdl 4096] Endspiel. [#] KR-KR} Rf4 35. Ra3 {[%emt 0:01:00] [#]} Kf8 $2 (35... g5 $1 $19 {Droht stark ...Kf8.} 36. Kg2 (36. Rxa7 $2 {zu gefräßig.} e3 $19) 36... Kf8 37. Rxa7 e3) 36. Rxa7 $11 {[%emt 0:00:07] Die Stellung ist ausgeglichen.} e3 37. Rf7+ $1 Rxf7 38. exf7 Kxf7 {[%emt 0:00:02] Weiss muss nun ...Ke6 beachten. KP-KP} 39. Kf1 Ke6 40. Ke2 Kxe5 {[%emt 0:00:01] ...Ke4 ist eine echte Drohung.} 41. Kxe3 g5 42. a3 Kd5 {[%emt 0:00:46] Und jetzt ...Kc4 wäre schön.} 43. Kd3 c5 44. b3 Kd6 45. Kc3 {[%emt 0:01:02] Gewichteter Fehlerwert: Weiß=0.13 (sehr präzise) /Schwarz=0.10 (sehr präzise) .  Gewinn verpasst:   	---       	Schwarz=1     Fehler:       	Weiß=2     	---        Ungenau:       	Weiß=1     	Schwarz=1     OK:         	Weiß=12    	Schwarz=12    Bester:       	Weiß=3     	Schwarz=2     Stark:        	Weiß=1     	Schwarz=1} 1/2-1/2

[Event "CCT Julius Baer-D2 2024"]
[Site "Online"]
[Date "2024.09.28"]
[Round "2"]
[White "Lazavik, Denis"]
[Black "Martinez Alcantara, Jose Eduardo"]
[Result "0-1"]
[ECO "D24"]
[WhiteElo "2578"]
[BlackElo "2607"]
[Annotator "RC"]
[PlyCount "72"]
[EventDate "2024.09.25"]
[EventType "swiss"]
[EventCountry "NET"]
[SourceTitle "playchess.com"]
[Source "ChessBase"]
[SourceQuality "1"]
[TimeControl "600+2"]

1. d4 Nf6 2. c4 e6 3. Nf3 d5 4. Nc3 dxc4 5. e4 b5 6. e5 Nd5 7. Nxb5 Nb6 8. Be2 Nc6 9. O-O Be7 10. Rb1 O-O 11. b3 cxb3 12. Rxb3 Bb7 13. Bd3 h6 14. Bb1 Nb4 15. a3 Ba6 16. axb4 Bxb5 17. Re1 Ba4 18. Qd3 g6 19. Rb2 Kg7 20. h4 Be8 21. h5 Nd5 22. Qe4 Rh8 23. hxg6 fxg6 24. Qg4 Bf7 25. Be4 Rb8 26. b5 Rb6 27. Ra2 Rxb5 28. Rxa7 g5 29. Qg3 Rb3 30. Bxd5 Qxd5 31. Rxc7 Bd8 32. Rc5 Qb7 33. d5 Qb4 34. dxe6 Bxe6 35. Bxg5 hxg5 36. Rec1 Qxc5 0-1

[Event "CCT Julius Baer-D2 2024"]
[Site "Online"]
[Date "2024.09.28"]
[Round "2"]
[White "Madaminov, Mukhiddin"]
[Black "So, Wesley"]
[Result "1/2-1/2"]
[ECO "C50"]
[WhiteElo "2512"]
[BlackElo "2752"]
[Annotator "TA"]
[PlyCount "141"]
[EventDate "2024.09.25"]
[EventType "swiss"]
[EventCountry "NET"]
[SourceTitle "playchess.com"]
[Source "ChessBase"]
[SourceQuality "1"]
[TimeControl "600+2"]

1. e4 {[%emt 0:00:02] Marin,Mihail} e5 2. Nf3 Nc6 3. Bc4 Bc5 4. Nc3 Nf6 5. d3 O-O 6. O-O h6 7. a3 Re8 {[%emt 0:00:02] C50: Hungarian Defence and Giuoco Pianissimo.} 8. Be3 Nd4 $146 ({Predecessor:} 8... Bxe3 9. fxe3 d6 10. Nh4 Be6 11. Nf5 Bxc4 12. dxc4 Kh7 13. Qf3 Nb8 14. Nxh6 Kxh6 15. Qh3+ Kg6 16. Rf3 Nh5 17. Rf5 Nf6 18. Qh4 {1-0 Anand,V (2784)-Aronian,L (2792) Zuerich Chess Challenge Rapid 5th 2016 (1)}) 9. b4 Bb6 10. Bxd4 exd4 11. Nd5 Nxd5 12. Bxd5 c6 13. Bc4 d5 14. exd5 cxd5 15. Bb5 Re7 16. h3 Bd7 17. Bxd7 Qxd7 18. Re1 Rxe1+ 19. Qxe1 Qa4 20. Qe7 Qxc2 21. Ne5 Qc7 22. Qxc7 Bxc7 23. Nf3 Rc8 24. Kf1 Bd8 25. Re1 Bf6 26. Ne5 g6 27. Nd7 Bg5 28. g3 Rc7 29. Re8+ Kg7 30. Ne5 Bf6 31. Ng4 Rc3 32. a4 Rxd3 33. Rb8 b6 34. Rb7 Rb3 35. Rd7 h5 36. Nxf6 Kxf6 37. b5 d3 38. Ke1 Ke5 39. Rxf7 (39. Rxa7 $17 f5 40. Ra6) 39... Kd4 40. Rxa7 Rb1+ 41. Kd2 Rb2+ 42. Kd1 Rxf2 43. Rb7 Rf6 44. Kd2 $2 (44. h4) 44... g5 $19 (44... Rf2+ $2 45. Kd1 $17) 45. Rb8 g4 46. hxg4 hxg4 (46... Rf2+ 47. Kd1 $15) 47. Rb7 Rh6 48. Rb8 Rf6 49. Rb7 $1 Re6 50. Rb8 Rh6 51. Rb7 Rh2+ 52. Kd1 Ke3 (52... Ra2 $142 53. Rxb6 Rxa4) 53. Re7+ $19 {[%emt 0:00:01] [#]} Kf3 $1 54. Re6 Ra2 55. Rxb6 Rxa4 56. Rb8 Kxg3 57. b6 Ra2 (57... Rb4 $142 58. Kd2 Rb3) 58. b7 $19 Rb2 59. Kc1 d2+ $2 (59... Rc2+ $19 60. Kd1 Rc7 (60... Rb2 $2 61. Ke1 $19)) 60. Kd1 $2 (60. Kxb2 $11 d1=Q (60... d1=B 61. Rc8 Kg2 62. b8=Q Kf3 63. Qe5 d4 64. Qxd4 Kg2 65. Qxd1) 61. Rc8 Qe2+ 62. Kc1 Qe1+ 63. Kc2 Qe4+ 64. Kc1 Qe3+ 65. Kc2 Qe4+ 66. Kc1 Qf4+ 67. Kc2 Qa4+ 68. Kc1 Qf4+ 69. Kc2 Qe4+) 60... d4 61. Ke2 {[%emt 0:00:00] [#]} d3+ $2 (61... d1=R+ $1 {mates} 62. Kxd1 d3 63. Kc1 Rc2+ 64. Kd1 Rc7 (64... Rb2 $2 65. Ke1 $19) 65. Ke1 Rf7 66. Kd2 Kf3 67. Kxd3 g3 68. Re8 Rd7+ (68... Rxb7 69. Rf8+ Kg2 70. Rg8 $19) 69. Kc4 Rxb7 70. Rf8+ Kg2 71. Rg8 Rh7 72. Rg6 Kh2 73. Kc5 g2 74. Kd4 Rh4+ (74... g1=B+ 75. Kc4 $15) 75. Ke5 g1=Q (75... g1=B 76. Ra6 $15) 76. Rxg1 Kxg1 77. Kf6 Re4 78. Kf5 Re2 79. Kg4 Rf2 80. Kg3 Kf1 81. Kg4 Kg2 82. Kh4 Kf3 83. Kg5 Kg3 84. Kh6 Kf4 85. Kg6 Kg4 86. Kh6 Kf5 87. Kg7 Kg5 88. Kh7 Kf6 89. Kg8 Rh2 90. Kf8 Rh8#) 62. Kd1 $1 $11 Kg2 63. Rg8 Rxb7 64. Rxg4+ Kf3 65. Rg8 $1 Ke3 66. Re8+ Kd4 67. Rd8+ Kc3 68. Rc8+ Kd4 69. Rd8+ Kc3 70. Rc8+ Kd4 71. Rd8+ 1/2-1/2

[Event "CCT Julius Baer-D2 2024"]
[Site "Online"]
[Date "2024.09.29"]
[Round "3"]
[White "So, Wesley"]
[Black "Sargsyan, Shant"]
[Result "1-0"]
[ECO "C50"]
[WhiteElo "2752"]
[BlackElo "2649"]
[Annotator "RC"]
[PlyCount "131"]
[EventDate "2024.09.25"]
[EventType "swiss"]
[EventCountry "NET"]
[SourceTitle "playchess.com"]
[Source "ChessBase"]
[SourceQuality "1"]
[TimeControl "600+2"]

1. e4 e5 2. Nf3 Nc6 3. Bc4 Nf6 4. d3 Bc5 5. Nc3 h6 6. a3 d6 7. h3 Ne7 8. Na4 Bb6 9. O-O Ng6 10. Re1 O-O 11. Nxb6 axb6 12. d4 Re8 13. Bf1 exd4 14. Qxd4 c5 15. Qd3 Bd7 16. Qxd6 Nxe4 17. Qd3 Bc6 18. Qxd8 Raxd8 19. Be3 Nd6 20. Nd2 Nf5 21. Nc4 b5 22. Na5 Nxe3 23. fxe3 Rd2 24. Rac1 c4 25. a4 Nh4 26. Red1 c3 27. Rxd2 cxd2 28. Rd1 bxa4 29. Rxd2 Be4 30. Nc4 Bc6 31. Na5 Nf5 32. Nxc6 bxc6 33. e4 Ng3 34. Bc4 Nxe4 35. Rd7 Ng5 36. Rc7 Rb8 37. b3 axb3 38. Bxb3 Rb6 39. Kf2 h5 40. Ke3 h4 41. Kf4 Ne6+ 42. Bxe6 fxe6 43. c4 Rb2 44. Kf3 Rb3+ 45. Kf2 Rb6 46. c5 Ra6 47. Kf3 Kh7 48. Kg4 Ra4+ 49. Kg5 Ra2 50. Rxc6 Rxg2+ 51. Kxh4 e5 52. Re6 e4 53. Rxe4 Kh6 54. Re6+ g6 55. c6 Rg1 56. c7 Rc1 57. Re7 Rc4+ 58. Kg3 Kg5 59. Rf7 Rc3+ 60. Kg2 Kh4 61. Kf2 Rc2+ 62. Ke3 Kxh3 63. Kd3 Rc6 64. Kd4 Kg4 65. Kd5 Rc1 66. Re7 1-0

[Event "CCT Julius Baer-D2 2024"]
[Site "Online"]
[Date "2024.09.29"]
[Round "3"]
[White "Vidit, Santosh Gujrathi"]
[Black "Martinez Alcantara, Jose Eduardo"]
[Result "1/2-1/2"]
[ECO "D24"]
[WhiteElo "2720"]
[BlackElo "2607"]
[Annotator "TA"]
[PlyCount "100"]
[EventDate "2024.09.25"]
[EventType "swiss"]
[EventCountry "NET"]
[SourceTitle "playchess.com"]
[Source "ChessBase"]
[SourceQuality "1"]
[TimeControl "600+2"]

1. d4 Nf6 2. c4 e6 3. Nf3 d5 4. Nc3 dxc4 5. e4 b5 6. e5 Nd5 7. Nxb5 Nb6 8. Be2 {[%emt 0:00:04] White is slightly better.} Nc6 9. Be3 Be7 10. a3 Rb8 11. Qc2 Qd7 12. Nc3 (12. Bxc4 Nxc4 (12... a6 13. Bd3 $11) 13. Qxc4 Na5 14. Nxc7+ Kd8 $17) 12... Na5 13. Rd1 Bb7 14. O-O h6 15. Nd2 O-O 16. Nde4 Bxe4 17. Nxe4 Qa4 18. Qc1 Nd5 19. Bd2 Rfd8 (19... Nb3 $11 {keeps the balance.} 20. Qxc4 Nb6 (20... Qxc4 21. Bxc4 Nxd4 22. Bc1 $11) 21. Qxa4 (21. Qxc7 Nxd4 22. Nc3 Nxe2+ 23. Nxe2 Nd5 $11) 21... Nxa4) 20. Bxa5 $16 Qxa5 21. Bxc4 Qb6 22. Rd2 Nf4 23. Rfd1 Qc6 24. f3 Qb6 25. g3 Nd5 26. Rc2 Bf8 27. Kg2 Ne7 {[%emt 0:00:02] [#]} 28. Qf4 {[%emt 0:01:09] Dodges Nf5. White is more active.} (28. Rcd2 $1 $16) 28... Ng6 $1 $11 29. Qe3 Nxe5 30. b4 (30. Ba2 $11) 30... a5 $17 31. bxa5 Qxa5 32. Be2 Ng6 (32... Qxa3 $2 33. Qxa3 Bxa3 34. dxe5 $18) 33. Qc3 Qxc3 34. Rxc3 Ne7 35. Bc4 c6 36. Rd2 Nf5 37. Rcd3 Ra8 38. g4 Ne7 39. Ra2 Ng6 40. Kg3 {[%emt 0:00:10] Inhibits Nf4.} Ra4 41. Bb3 Rxa3 (41... Raxd4 42. Rxd4 Rxd4 43. a4 $15) 42. Rxa3 Bxa3 43. Bxe6 {[%emt 0:00:01] [#]} Bb2 $2 (43... fxe6 44. Rxa3 Rxd4 45. Ra8+ Kf7 46. Ra7+ Ne7 47. h4 $11) (43... Be7 $1 $19 44. Bxf7+ (44. Bc4 $2 Bh4+ 45. Kh3 Be1 $19) 44... Kxf7) 44. Bc4 Bxd4 45. f4 {[%emt 0:00:02] Repels Ne5} Bb6 46. Rxd8+ Bxd8 47. Nd6 Kf8 48. Bxf7 Be7 (48... Nxf4 $15 49. Ba2 (49. Kxf4 Bc7 $17) 49... Bc7) 49. Bxg6 $11 Bxd6 50. Kf3 Ke7 {[%emt 0:00:02] What a bad dream for Black.   Weighted Error Value: White=0.14 (very precise) /Black=0.13 (very precise) .  Missed win:     	---       	Black=1      Mistake:       	White=3     	Black=2      Inaccurate:     	White=3     	Black=1      OK:         	White=14    	Black=20     Best:        	White=4     	Black=1      Strong:       	---       	Black=1} 1/2-1/2

[Event "CCT Julius Baer-D2 2024"]
[Site "Online"]
[Date "2024.09.29"]
[Round "3"]
[White "Vidit, Santosh Gujrathi"]
[Black "Martinez Alcantara, Jose Eduardo"]
[Result "1-0"]
[ECO "C54"]
[WhiteElo "2720"]
[BlackElo "2607"]
[Annotator "ChessBase"]
[PlyCount "111"]
[EventDate "2024.09.25"]
[EventType "swiss"]
[EventCountry "NET"]
[SourceTitle "playchess.com"]
[Source "ChessBase"]
[SourceQuality "1"]
[TimeControl "600+2"]

1. e4 e5 2. Nf3 Nc6 3. Bc4 Bc5 4. c3 Nf6 5. d3 d6 6. O-O h6 7. Nbd2 Bb6 8. Bb3 O-O 9. Nc4 Na5 10. Nxb6 axb6 11. Bc2 c5 12. h3 Nc6 13. d4 Re8 14. Re1 Qc7 15. b3 Ne7 16. Be3 Ng6 17. Nd2 Be6 18. d5 Bd7 19. a4 Rf8 20. Kh2 Nh7 21. g3 Nf6 22. f4 exf4 23. gxf4 Rfe8 24. Qf3 b5 25. Rg1 Kh8 26. axb5 Rxa1 27. Rxa1 Bxb5 28. c4 Bd7 29. Rg1 Qa5 30. Qf2 Qc3 31. Bb1 Bf5 32. Qf3 Nh4 33. Qg3 Nxe4 34. Bxe4 Bxe4 35. Bf2 Nf3+ 36. Nxf3 Bxf3 37. f5 Re2 38. Rf1 b6 39. Qxd6 Kh7 40. Qg3 Qxb3 41. d6 Qd3 42. d7 Rd2 43. Rg1 Qc3 44. Re1 Rxd7 45. Re3 Qxc4 46. Rxf3 Rd2 47. Rf4 Qc2 48. f6 g6 49. Kg2 Qa2 50. Qe3 Qd5+ 51. Rf3 c4 52. Qe7 Rd3 53. Be3 Rb3 54. Qf8 Rb2+ 55. Bf2 Qh5 56. Qg7# 1-0